 Dungeon Crawl Stone Soup version 0.28.0 (webtiles) character file.

Game seed: 10815449421182516895

478 blackman the Chopper (level 7, -2/52 HPs)
             Began as a Human Monk on Feb 6, 2022.
             Slain by an ogre (9 damage)
             ... on level 5 of the Dungeon.
             The game lasted 00:12:49 (6659 turns).

blackman the Chopper (Human Monk)                   Turns: 6659, Time: 00:12:49

Health: -2/52      AC: 12    Str: 14    XL:     7   Next: 33%
Magic:  7/7        EV:  6    Int:  5    God:
Gold:   146        SH:  0    Dex: 15    Spells: 6/6 levels left

rFire   + . .      SeeInvis .   a - +0 war axe
rCold   . . .      Faith    .   (no shield)
rNeg    + . .      Spirit   .   i - +1 chain mail
rPois   .          Reflect  .   (no helmet)
rElec   .          Harm     .   (no cloak)
rCorr   .          Rampage  .   (no gloves)
Will    .....                   r - +2 pair of boots "Noput" {rF+ Int-5 Slay+3 Stlth+}
Stlth   ..........              (no amulet)
HPRegen 0.17/turn               g - ring of positive energy
MPRegen 0.10/turn               (no ring)

@: no status effects
A: no striking features
a: no special abilities


You were on level 5 of the Dungeon.
You visited 1 branch of the dungeon, and saw 5 of its levels.

You collected 146 gold pieces.

Inventory:

Hand Weapons
 a - a +0 war axe (weapon)
 b - a +3 hunting sling
Missiles
 l - 37 sling bullets
Armour
 i - a +1 chain mail (worn)
 p - a +0 pair of boots
 r - the +2 pair of boots "Noput" (worn) {rF+ Int-5 Slay+3 Stlth+}
   (You found it on level 4 of the Dungeon)

   Int:       It affects your intelligence (-5).
   Slay:      It affects your accuracy & damage with ranged weapons and melee
   (+3).
   rF:        It protects you from fire.
   Stlth:     It makes you more stealthy.
Jewellery
 d - a +4 ring of evasion
 g - a ring of positive energy (left hand)
 s - a ring of positive energy
Scrolls
 e - a scroll of fog {unknown}
 h - a scroll of holy word
 q - a scroll of enchant armour
Potions
 c - a potion of mutation {unknown}
 f - a potion of brilliance {unknown}
 j - a potion of magic {unknown}
 k - 2 potions of attraction {unknown}
 m - 3 potions of curing {unknown}
 n - a potion of ambrosia {unknown}
 o - a potion of heal wounds


   Skills:
 - Level 3.0 Fighting
 + Level 7.9 Axes
 - Level 3.0 Dodging
 - Level 2.0 Stealth


You had 6 spell levels left.
You didn't know any spells.
Your spell library was empty.

Dungeon Overview and Level Annotations

Branches:
Dungeon (5/15)
 Temple: D:4-7

Altars:
Dithmenos
Okawaru
Qazlal
Uskayaw

Shops:
D:3 !(*   D:5 *


Message History

You kill the black bear!
Adjust to which letter? (? for menu, Esc to quit)
a - a +0 war axe (weapon);
p - a +0 pair of boots Key pressed, stopping explore.
HP restored.
l - 36 sling bullets (gained 1) Key pressed, stopping explore.
l - 37 sling bullets (gained 1) Partly explored, can't reach some items.
Partly explored, can't reach some items.
Partly explored, can't reach some items.
You see here a +0 morningstar.
There is a stone staircase leading down here.
You climb downwards.
There is a stone staircase leading up here.
Nothing quivered!
You can't go down here!
Done exploring.
You can't go down here!
Unknown command.
There is a stone staircase leading down here.
You climb downwards.
The ogre hits you with a +0 giant spiked club!
There is a stone staircase leading up here.
You hit the ogre.
The ogre is lightly wounded.
The ogre hits you with a +0 giant spiked club!!
You are too injured to fight recklessly!
You are too injured to fight recklessly!
You barely miss the ogre.
The ogre is lightly wounded.
The ogre hits you with a +0 giant spiked club!
* * * LOW HITPOINT WARNING * * *
You hit the ogre.
The ogre is moderately wounded.
The ogre barely misses you.
You barely miss the ogre.
The ogre is moderately wounded.
The ogre hits you with a +0 giant spiked club!
You die...

###.##.....#
....##.###.##
............#
....######..#
............#
....###⌠.⌠..#
....+...∩...#
....##.⌠.⌠..#########
....###.........@O..#
....# #.#.#.######.##
....# #.#.#.# # .....
..#.#.# #########.#..
#.#.# ..#.# ###.#


You could see an ogre.

Vanquished Creatures
  A black bear (D:3)
  A phantom (D:5)
  A scorpion (D:4)
  A howler monkey (D:4)
  A jelly (D:5)
  Terence (D:3)
  An iguana (D:5)
  An orc wizard (D:4)
  3 adders
  2 worms
  5 orcs
  9 ball pythons
  5 endoplasms
  4 giant cockroaches
  9 goblins
  9 hobgoblins
  11 jackals
  3 quokkas
  5 bats
  3 frilled lizards
  3 kobolds
  3 rats
82 creatures vanquished.

Notes
Turn   | Place    | Note
-------+----------+-------------------------------------------
     0 | D:1      | blackman the Human Monk began the quest for the Orb.
     0 | D:1      | Reached XP level 1. HP: 18/18 MP: 1/1
    92 | D:1      | Reached XP level 2. HP: 2/24 MP: 2/2
  1102 | D:1      | Reached skill level 4 in Axes
  1102 | D:1      | Reached XP level 3. HP: 27/29 MP: 3/3
  2433 | D:3      | Found a faded altar of an unknown god.
  2441 | D:3      | Noticed Terence
  3052 | D:3      | Killed Terence
  3053 | D:3      | Reached skill level 5 in Axes
  3053 | D:3      | Reached XP level 4. HP: 25/35 MP: 4/4
  3165 | D:3      | Found a hide-covered altar of Uskayaw.
  3534 | D:3      | Found an iron altar of Okawaru.
  3629 | D:3      | Reached XP level 5. HP: 30/41 MP: 5/5
  3773 | D:3      | Found a stormy altar of Qazlal.
  3795 | D:3      | Found Naojyxer's General Store.
  3894 | D:3      | Found Yta Ykki's Weapon Shoppe.
  3999 | D:3      | Noticed a black bear
  4198 | D:3      | Found Udix's Distillery.
  4418 | D:4      | Identified the +3 robe of Leapfrog {Harm rPois Regen+
                  | Dex-4}
  5333 | D:4      | Reached skill level 6 in Axes
  5421 | D:4      | Identified the +0 leather armour of Xist {Rampage rPois
                  | Will+}
  5457 | D:4      | Reached XP level 6. HP: 46/47 MP: 6/6
  5536 | D:4      | Found a shadowy altar of Dithmenos.
  5596 | D:4      | Identified the +2 pair of boots "Noput" {rF+ Int-5 Slay+3
                  | Stlth+}
  5884 | D:5      | Entered Level 5 of the Dungeon
  5885 | D:5      | Found Sialiec's Assorted Antiques.
  5965 | D:5      | Reached skill level 7 in Axes
  5965 | D:5      | Reached XP level 7. HP: 40/52 MP: 7/7
  6659 | D:5      | Slain by an ogre

Illustrated notes

Levels and vault maps discovered:
D:1:      dpeg_arrival_lava_temple_mockup, layout_loops_ring, minmay_distorted
D:2:      layout_loops_ring
D:3:      layout_loops_ring, kennysheep_okawaru_gauntlet,
          nicolae_qazlal_scattered_showers,
          nicolae_uskayaw_murder_on_the_dancefloor, serial_shops,
          nicolae_shop_hallway_plus, nicolae_shop_window_shopping,
          nicolae_shop_temple_entry_statues_fountains,
          nicolae_ecumenical_pavilion, uniq_terence
D:4:      layout_basic, mainiacjoe_overflow_paths,
          hangedman_abyss_or_decor_lesser_grid
D:5:      layout_basic, serial_shops, shop_fountains, kennysheep_mini,
          nicolae_take_the_stairs, shop, nicolae_shop_waterfront

Skill      XL: |  1  2  3  4  5  6 |
---------------+-------------------+-----
Axes           | 4 5 6 7 |  7.9
Fighting       | |  3.0
Dodging        | |  3.0
Stealth        | |  2.0

Action                   |  1- 3 |  4- 6 |  7- 9 || total
-------------------------+-------+-------+-------++-------
Melee: Hand axe          |   137 |   146 |       ||   283
       War axe           |       |    40 |    22 ||    62
       Punch             |       |     3 |       ||     3
 Fire: Hunting sling     |     9 |     2 |     2 ||    13
  Use: Scroll            |     1 |     3 |       ||     4
       Potion            |     3 |       |       ||     3
Armor: Robe              |     5 |       |       ||     5
       Scale mail        |    18 |       |       ||    18
       Chain mail        |    36 |   127 |    22 ||   185
Dodge: Dodged            |    65 |    59 |    11 ||   135
